Map: Ruins of Seras

Players

CunningStunt - Winner!

  • Race: Terran Terran
  • League: Gold

LilPoison

  • Race: Terran Terran

VOD

Have the link to the VOD?

Description

Time

  • Played on: Sept. 11, 2015, 9:45 a.m.
  • Length: 6:02
Show
View Real Time Build Order
Export as new Build Order

CunningStunt Terran - Winner!

Build Orders: Banshee Rush 

Get SALT Encoding   

  12  0:01  SCV  
  13  0:13  SCV  
  14  0:18  Supply Depot  
  14  0:25  SCV  
  15  0:40  SCV  
  15  0:41  Barracks  
  16  0:45  Refinery  
  16  0:52  SCV  
  17  1:01  Refinery  
  17  1:04  SCV  
  18  1:16  SCV  
  19  1:26  Supply Depot  
  19  1:30  Orbital Command  
  19  1:33  Marine  
  20  1:51  Marine  
  21  1:57  SCV  
  21  1:59  Factory  
  22  2:09  SCV  
  23  2:23  SCV, Barracks Reactor  
  24  2:42  Starport  
  24  2:43  Factory Tech Lab  
  25  2:51  SCV  
  25  2:52  Starport  
  25  2:56  Marine  
  25  2:58  Supply Depot  
  26  3:11  Command Center  
  26  3:12  SCV  
  27  3:20  Factory Tech Lab  
  27  3:24  Marine  
  27  3:26  Banshee  
  31  3:32  Cloaking Field  
  31  3:47  Banshee  
  34  3:50  Factory Reactor  
  34  3:51  SCV  
  35  4:03  Engineering Bay  
  35  4:11  Supply Depot  
  35  4:14  Banshee  
  38  4:24  SCV  
  39  4:30  Missile Turret  
  39  4:34  Missile Turret  
  39  4:38  Banshee  
  42  4:47  Missile Turret  
  42  4:48  SCV, Missile Turret  
  42  4:50  Planetary Fortress  
  43  4:58  Marine  
  44  5:00  SCV  
  45  5:15  Marine  
  46  5:31  SCV  
  46  5:32  SCV  
  48  5:44  SCV  
Show
View Real Time Build Order
Export as new Build Order

LilPoison Terran 

Build Orders: Hellion Banshee 

Get SALT Encoding   

  12  0:02  SCV  
  13  0:14  SCV  
  14  0:19  Supply Depot  
  14  0:26  SCV  
  15  0:41  SCV  
  16  0:43  Barracks  
  16  0:51  Refinery  
  16  0:53  SCV  
  17  0:58  Refinery  
  17  1:05  SCV  
  17  1:09  Supply Depot  
  18  1:39  Barracks Reactor  
  18  1:46  SCV  
  19  1:53  Factory  
  19  1:58  SCV  
  20  2:10  SCV  
  22  2:23  SCV  
  22  2:45  Starport  
  22  2:47  Barracks Tech Lab  
  22  3:17  Orbital Command  
  22  3:23  Hellion x2  
  26  3:44  Hellion  
  26  3:45  Hellion  
  26  3:47  Command Center  
  30  3:58  Cloaking Field  
  30  4:08  Supply Depot  
  30  4:19  SCV  
  31  4:30  Banshee, Hellion x2  
  38  4:31  Supply Depot, SCV  
  38  4:35  Ghost Academy  
  39  4:46  Engineering Bay  
  39  4:53  Hellion  
  41  5:06  Widow Mine  
  43  5:16  Barracks Tech Lab  
  43  5:37  Missile Turret  
  43  5:42  Missile Turret  
  38  5:48  Missile Turret  
Tags
 
Composition
Hellion Banshee
League
Gold
Matchup
TvT
Race
Terran
Strategy
Banshee Rush
Add a new tag
Caveats
  • Supply blocks, unpowered buildings, or Contaminate may cause inaccurate times.
  • Supply counts are checked every 10 seconds.